 Dungeon Crawl Stone Soup version 0.29-a0-72-g1732ff48e7 (webtiles) character file.

Game seed: 1478119204963345944

20 Cecur the Grasshopper (level 2, -1/15 HPs)
             Began as a Spriggan Warper on Feb 3, 2022.
             Was a Follower of Yredelemnul.
             Slain by an adder (2 damage)
             ... on level 2 of the Dungeon.
             The game lasted 00:01:40 (1438 turns).

Cecur the Grasshopper (Spriggan Warper)             Turns: 1438, Time: 00:01:41

Health: -1/15      AC:  2    Str:  7    XL:     2   Next: 58%
Magic:  6/6        EV: 17    Int: 14    God:    Yredelemnul [*.....]
Gold:   43         SH:  0    Dex: 14    Spells: 6/6 levels left

rFire   . . .      SeeInvis +   a - +0 short sword
rCold   . . .      Faith    .   (no shield)
rNeg    . . .      Spirit   .   b - +0 robe
rPois   .          Reflect  .   (helmet restricted)
rElec   .          Harm     .   (no cloak)
rCorr   .          Rampage  .   (gloves unavailable)
Will    .....                   (boots unavailable)
Stlth   +.........              (no amulet)
HPRegen 0.05/turn               (no ring)
MPRegen 0.10/turn               (no ring)

@: lethally poisoned (-1 -> -3), very quick
A: very small, no large weapons, unfitting armour, see invisible, speed 3
a: Renounce Religion, Recall Undead Harvest


You were on level 2 of the Dungeon.
You worshipped Yredelemnul.
Yredelemnul was noncommittal.
You visited 1 branch of the dungeon, and saw 2 of its levels.

You collected 43 gold pieces.

Inventory:

Hand Weapons
 a - a +0 short sword (weapon)
Missiles
 d - 5 boomerangs of dispersal (quivered)
Armour
 b - a +0 robe (worn)
Jewellery
 g - a ring of poison resistance
Scrolls
 c - a scroll of blinking
Potions
 e - a potion of brilliance {unknown}
 f - a potion of curing {unknown}
 h - 2 potions of might {unknown}


   Skills:
 + Level 1.7 Fighting
 + Level 2.3 Short Blades
 + Level 1.2 Throwing
 + Level 3.2 Dodging
 + Level 2.7 Spellcasting
 + Level 5.2 Translocations


You had 6 spell levels left.
You didn't know any spells.
Your spell library contained the following spells:

 Spells                   Type           Power      Damage    Failure   Level
 Blink                    Tloc           32%        N/A       3%          2
 Gell's Gravitas          Tloc           16%        N/A       8%          3
 Lesser Beckoning         Tloc           16%        N/A       8%          3
 Teleport Other           Tloc           16%        N/A       8%          3
 Confusing Touch          Hex            1%         N/A       54%         3
 Manifold Assault         Tloc           16%        N/A       56%         5
 Yara's Violent Unravell  Hex/Tmut       0%         3d3       99%         5
 Enfeeble                 Hex            0%         N/A       100%        7


Dungeon Overview and Level Annotations

Branches:
Dungeon (2/15)

Altars:
Yredelemnul


Innate Abilities, Weirdness & Mutations

You are very small and have problems with some larger weapons.
You are too small for most types of armour.
You have supernaturally acute eyesight. (SInv)
You cover ground extremely quickly. (Speed+++)


Message History

You swap places.
An adder comes into view.
Found 19 gold pieces.
The adder hisses angrily.
You see here a murky coppery potion.
Found a stone staircase leading down.
You closely miss the adder. The adder misses you. x2
You miss the adder. The adder completely misses you.
You barely miss the adder. The adder bites you but does no damage.
You hit the adder.
The adder is lightly wounded.
The adder bites you. The adder closely misses you.
You hit the adder.
The adder is moderately wounded.
The adder bites you.
You hit the adder.
The adder is moderately wounded.
The adder bites you but does no damage.
You completely miss the adder.
The adder is moderately wounded.
The adder misses you. The adder bites you.
You are poisoned.
The adder poisons you!
You hit the adder.
The adder is heavily wounded.
You feel sick. The adder misses you.
You closely miss the adder.
The adder is heavily wounded.
You feel sick. The adder bites you.
* * * LOW HITPOINT WARNING * * *
You hit the adder.
The adder is severely wounded.
* * * LOW HITPOINT WARNING * * *
You feel sick. The adder misses you.
You closely miss the adder.
The adder is severely wounded.
* * * LOW HITPOINT WARNING * * *
You feel sick. The adder bites you.
You die...
Your body rises from the dead as a mindless zombie.

#Z# #Z# #Z#
########.#
######.......Z##
...>...........#
###.#..######Z.#
#.#..# #Z.####
###.#..######.ZZ@.#
).............Z##S#
<......####.....
>.. .......#
#.......###
........# #.......#
...................
...............$.##
....##...#...#.
.#..# #.....


You could see an adder (ally target), a friendly ball python zombie, a friendly
rat zombie, a friendly hobgoblin zombie and 2 friendly kobold zombies.

Vanquished Creatures
  A bat (D:1)
  An endoplasm (D:1)
  4 goblins (D:1)
  4 ball pythons
  5 kobolds
  3 rats
18 creatures vanquished.

Vanquished Creatures (collateral kills)
  A hobgoblin (D:2)
1 creature vanquished.

Grand Total: 19 creatures vanquished

Notes
Turn   | Place    | Note
-------+----------+-------------------------------------------
     0 | D:1      | Cecur the Spriggan Warper began the quest for the Orb.
     0 | D:1      | Reached XP level 1. HP: 10/10 MP: 5/5
   347 | D:1      | Found a faded altar of an unknown god.
   349 | D:1      | Prayed at the altar of an unknown god.
   349 | D:1      | Became a worshipper of Yredelemnul the Dark
   402 | D:1      | Reached * piety under Yredelemnul
   569 | D:1      | Reached XP level 2. HP: 14/14 MP: 6/6
   615 | D:1      | Reached skill level 5 in Translocations
  1438 | D:2      | Slain by an adder

Illustrated notes

Levels and vault maps discovered:
D:1:      minmay_arrival_stone_box, layout_loops_ring,
          chequers_ecumenical_altar_twisty
D:2:      layout_loops_ring, uniq_crazy_yiuf_cottage, uniq_robin, uniq_natasha

Skill      XL: |  1  2 |
---------------+-------+-----
Translocations | 5 |  5.2
Fighting       | |  1.7
Short Blades   | |  2.3
Throwing       | |  1.2
Dodging        | |  3.2
Spellcasting   | |  2.7

Action                   || total
-------------------------++-------
Melee: Short sword       ||    77
       Punch             ||     3
 Stab: Sleeping          ||     1
Armor: Robe              ||    15
Dodge: Dodged            ||    60

Table legend: (Time is in decaauts)
 A = Elapsed time spent in this place.
 B = Non-inter-level travel time spent in this place.
 C = Inter-level travel time spent in this place.
 D = Time resting spent in this place.
 E = Time spent auto-exploring this place.
 F = Levels seen in this place.
 G = Mean time per level.
                   A        B        C        D        E       F      G
               +--------+--------+--------+--------+--------+-----+--------+
         Total |   1180 |   1180 |      0 |      0 |   1021 |   2 |  590.0 |
       Dungeon |   1180 |   1180 |      0 |      0 |   1021 |   2 |  590.0 |
               +--------+--------+--------+--------+--------+-----+--------+

Top non-repeatable levels by time:
     D:1: 872 daAuts
     D:2: 308 daAuts
